 Dungeon Crawl Stone Soup version 0.23-a0-650-ga4d50d4 (webtiles) character file.

31209 100101001 the Covert (level 13, 0/129 HPs)
             Began as a Naga Wanderer on Jan 7, 2019.
             Was an Elder of Nemelex Xobeh.
             Slain by a blink frog (8 damage)
             ... on level 5 of the Lair of Beasts.
             The game lasted 00:59:31 (16264 turns).

100101001 the Covert (Naga Wanderer)               Turns: 16264, Time: 00:59:32

Health: 0/129      AC: 13    Str: 24    XL:     13   Next: 56%
Magic:  19/19      EV: 14    Int: 17    God:    Nemelex Xobeh [****..]
Gold:   792        SH:  0    Dex: 17    Spells: 9/12 levels left

rFire    + . .     SeeInvis +   a - +8 triple sword of Crystal {drain, rC+ rN++ Str+3, ---}
rCold    + . .     Gourm    .   (shield currently unavailable)
rNeg     + + .     Faith    .   l - +1 troll leather armour
rPois    +         Spirit   .   j - +2 helmet
rElec    .         Reflect  .   y - +0 cloak
rCorr    .         Harm     .   (no gloves)
MR       ++...                  (no barding)
Stlth    ++++......             q - amulet of regeneration
HPRegen  1.11/turn              H - ring "Rapais" {Fire rPois Str+3 Int+7 Stlth-, max stl}
MPRegen  0.16/turn              u - ring of protection from cold

@: very slow
A: large, see invisible, agile 1, deformed body, magic resistance 1, poison
resistance, slowness 2, slow metabolism 1, spit poison 1, constrict 1, AC +4
a: Spit Poison, Draw Escape, Draw Destruction, Draw Summoning, Triple Draw, Deal
Four, Renounce Religion


You were on level 5 of the Lair of Beasts.
You worshipped Nemelex Xobeh.
Nemelex Xobeh was greatly pleased with you.
You were hungry.

You visited 3 branches of the dungeon, and saw 16 of its levels.
You also visited: Ossuary and Bailey.

You collected 792 gold pieces.

Inventory:

Hand Weapons
 a - the +8 triple sword of Crystal (weapon) {drain, rC+ rN++ Str+3, ---}
   (You acquired it on level 1 of the Lair of Beasts)

   A truly terrible weapon, it drains the life of those it strikes.
   It affects your strength (+3).
   It protects you from cold.
   It greatly protects you from negative energy.
 b - a +7 trident
Missiles
 d - 148 bolts
 i - 299 stones (quivered)
 C - 2 javelins
 E - 2 throwing nets
 J - 69 tomahawks of returning
Armour
 j - a +2 helmet (worn)
 l - a +1 troll leather armour (worn)
 o - a +0 scale mail of fire resistance
 y - a +0 cloak (worn)
 F - the +1 leather armour of Eternal Night {*Slow rC++ Int+4}
   (You found it on level 5 of the Dungeon)

   It affects your intelligence (+4).
   It greatly protects you from cold.
   It may slow you when you take damage.
 G - a scarf of cloud immunity
Magical Staves
 R - an uncursed staff of earth
Jewellery
 q - an amulet of regeneration (around neck)
 u - a ring of protection from cold (right hand)
 v - an uncursed ring of positive energy
 A - an uncursed ring of protection from fire
 D - an uncursed ring of positive energy
 H - the ring "Rapais" (left hand) {Fire rPois Str+3 Int+7 Stlth-, max stl}
   (You found it on level 6 of the Dungeon)

   [ring of fire]

   It enhances your fire magic.
   It affects your strength (+3).
   It affects your intelligence (+7).
   It protects you from fire.
   It makes you vulnerable to cold.
   It protects you from poison.
   It makes you less stealthy.
 I - an uncursed ring of wizardry
Wands
 e - a wand of acid (3)
 h - a wand of iceblast (3)
 L - a wand of clouds (4)
 Q - a wand of polymorph (5)
 T - a wand of paralysis (11)
Scrolls
 c - 3 scrolls of teleportation
 g - a scroll of summoning
 p - 6 scrolls of remove curse
 s - a scroll of silence
 t - a scroll of amnesia
 x - 2 scrolls of immolation
 B - a scroll of magic mapping
Potions
 k - 3 potions of flight
 m - 3 potions of haste
 n - a potion of berserk rage
 r - 3 potions of ambrosia
 w - a potion of lignification
 z - 3 potions of magic
 K - 4 potions of curing
 M - 2 potions of mutation
 O - 2 potions of brilliance
 P - 2 potions of might
Comestibles
 f - 22 rations


   Skills:
 + Level 12.2 Fighting
 + Level 9.6 Long Blades
 - Level 1.0 Staves
 + Level 7.3 Armour
 - Level 6.7 Dodging
 + Level 13.4 Stealth
 + Level 2.2 Hexes
 + Level 8.1 Invocations
 - Level 2.0 Evocations


You had 9 spell levels left.
You knew the following spells:

 Your Spells              Type           Power        Failure   Level  Hunger
a - Confuse               Hex            #.......     32%         3    ####...

Your spell library contained the following spells:

 Spells                   Type           Power        Failure   Level  Hunger
 Confusing Touch          Hex            #.....       11%         1    ##.....
 Sandblast                Erth           #.....       26%         1    ##.....
 Shock                    Conj/Air       #...         26%         1    ##.....
 Passwall                 Tmut/Erth      #.......     36%         2    ###....
 Swiftness                Chrm/Air       #.......     36%         2    ###....
 Gell's Gravitas          Tloc           #.........   61%         3    ####...
 Static Discharge         Conj/Air       #.......     61%         3    ####...
 Stone Arrow              Conj/Erth      #.....       61%         3    ####...
 Airstrike                Air            #.........   95%         4    #####..
 Petrify                  Tmut/Erth      #.......     95%         4    #####..
 Metabolic Englaciation   Hex/Ice        #.........   99%         5    ######.
 Yara's Violent Unravell  Hex/Tmut       #.........   99%         5    ######.
 Lee's Rapid Deconstruct  Erth           #.........   100%        5    ######.
 Lightning Bolt           Conj/Air       #.........   100%        5    ######.


Dungeon Overview and Level Annotations

Branches:
Dungeon (9/15)             Temple (1/1) D:4            Lair (6/6) D:8
 Shoals (0/4) Lair:2        Snake (0/4) Lair:2        Slime (0/5) Lair:5
    Orc: D:9-12

Altars:
Cheibriados
Dithmenos
Elyvilon
Fedhas
Gozag
Hepliaklqana
Kikubaaqudgha
Makhleb
Nemelex Xobeh
Okawaru
Qazlal
Ru
Sif Muna
Trog
Uskayaw
Vehumet
Wu Jian
Xom
Yredelemnul
Zin
The Shining One
Jiyva

Annotations:
D:3 1 transporter


Innate Abilities, Weirdness & Mutations

You cannot wear boots.
Your serpentine skin is tough. (AC +4)
You have supernaturally acute eyesight. (SInv)
Armour fits poorly on your strangely shaped body.
Your system is resistant to poisons. (rPois)
You cover ground very slowly.
You have a slow metabolism.
You can spit poison.
You can use your snake-like lower body to constrict enemies.
You are agile. (Dex +2)
You are resistant to hostile enchantments. (MR+)


Message History

The blink frog barely misses you. The komodo dragon bites you!
The blink frog barely misses you.
You riposte.
You closely miss the blink frog. Your grab misses the blink frog.
Unknown command.
You slice the komodo dragon!! You grab the komodo dragon.
The komodo dragon is almost dead.
You constrict the komodo dragon. The blink frog closely misses you.
The komodo dragon bites you!!
* * * LOW HITPOINT WARNING * * *
The blink frog hits you but does no damage.
The komodo dragon bites you!
* * * LOW HITPOINT WARNING * * *
Okay, then.
You feel much better.
You constrict the komodo dragon. The blink frog hits you!
* * * LOW HITPOINT WARNING * * *
The komodo dragon bites you!
* * * LOW HITPOINT WARNING * * *
The blink frog hits you!
You die...
Your body disappears without a glow.

......####....P# #P...#.P##.##
....#.# ####.## ##P......#P..#
#...P.# ### #......P.....#
##....# #...PP...#..##
#.....##### ####.###P..#...#
#..#....#.#######.##.P###..#...#
)<##.........#.PP....###...##..#
..##..#.P#..#..PP.........###.##
...###.####.P...@P...†.#..###.##
#.## ### #.....Fl.##>..#####P..#
#..# #........#....# #...# #.##
##...#...P....# #...# #.##
#..#........P.#####...# #..#
#.....................# P.P#
##.#...........P.###.## ...##
###.......#..##..###.# .#..####
##...........#P..####


You could see a komodo dragon and a blink frog.

Vanquished Creatures
  Harold (Lair:1)
  Pikel (D:7)
  Joseph (Lair:1)
  Psyche (D:8)
  A torpor snail (Lair:5)
  A black mamba (Lair:4)
  3 spiny frogs
  4 komodo dragons
  A rime drake (Lair:4)
  A hornet (D:9)
  3 polar bears
  Prince Ribbit (D:6)
  9 blink frogs
  Grinder (D:3)
  A hippogriff (Lair:5)
  A wyvern (Lair:4)
  24 yaks
  4 hogs (D:8)
  A human (D:8)
  Eustachio (D:6)
  Menkaure (D:6)
  A naga (Lair:2)
  Duvessa (D:7)
  11 water moccasins
  21 porcupines
  4 slaves (D:7)
  An ice beast (D:7)
  2 phantoms
  A sky beast (D:9)
  2 ogres
  8 centaurs
  17 wolves
  6 crocodiles
  Blork the orc (D:6)
  10 bullfrogs
  3 water moccasin zombies (Ossuary)
  2 scorpions (D:4)
  2 killer bees (D:9)
  4 wights (D:7)
  2 howler monkeys
  A crimson imp (D:7)
  3 quasits
  2 bullfrog zombies (D:5)
  4 hounds
  3 orc wizards
  3 bullfrog skeletons
  2 centaur skeletons
  3 orc priests
  A jelly (D:6)
  Jessica (D:3)
  4 hell rats (Lair:3)
  2 iguanas
  Ijyb (D:5)
  Terence (D:2)
  7 worker ants
  A big kobold zombie (Ossuary)
  2 hound zombies
  2 mummies (Ossuary)
  A worker ant zombie (D:7)
  11 gnolls
  13 adders
  A shadow imp (D:7)
  2 oozes
  11 adder zombies
  5 worms
  2 dart slugs
  4 leopard geckos
  12 orcs
  5 bats
  8 giant cockroaches
  5 gnoll zombies
  8 goblins
  18 hobgoblins
  14 jackals
  13 kobolds
  3 quokkas
  3 ball pythons
  5 frilled lizards
  7 hobgoblin zombies (Ossuary)
  A jackal skeleton (D:5)
  3 kobold zombies (Ossuary)
  A leopard gecko zombie (D:8)
  5 orc zombies (Ossuary)
  A quokka zombie (D:6)
  8 rats
  A fungus (Lair:1)
375 creatures vanquished.

Vanquished Creatures (collateral kills)
  2 hydras (Lair:4)
  An orc knight (Bailey)
  A gargoyle (D:9)
  A blink frog (Lair:2)
  A hippogriff (D:9)
  A wyvern (D:8)
  A yak (Lair:2)
  A sky beast (D:9)
  An ogre (D:5)
  A wolf (Lair:4)
  A centaur (D:5)
  A crocodile (Lair:1)
  Dowan (D:7)
  2 scorpions (D:5)
  4 killer bees (D:9)
  3 orc priests (D:9)
  A hound (D:8)
  2 orc wizards (D:5)
  An iguana (D:9)
  3 gnolls (Bailey)
  A shadow imp (D:5)
  An adder zombie (D:5)
  3 orcs
  3 hobgoblins (Bailey)
  3 kobolds (Bailey)
41 creatures vanquished.

Vanquished Creatures (others)
  A hobgoblin (Bailey)
  A kobold (Bailey)
  12 fungi
  12 plants
26 creatures vanquished.

Grand Total: 442 creatures vanquished

Notes
Turn   | Place    | Note
-------+----------+-------------------------------------------
     0 | D:1      | 100101001 the Naga Wanderer began the quest for the Orb.
     0 | D:1      | 100101001 set off with the following items: a +0 leather
                  | armour, 4 throwing nets, a scroll of teleportation, a +0
                  | falchion, a ration
     0 | D:1      | Reached XP level 1. HP: 18/18 MP: 2/2
    48 | D:1      | Reached skill level 2 in Stealth
   140 | D:1      | Reached XP level 2. HP: 16/25 MP: 3/3
   450 | D:1      | Found a glowing golden altar of the Shining One.
   978 | D:1      | Reached XP level 3. HP: 29/31 MP: 4/4
  1745 | D:2      | Reached skill level 3 in Stealth
  1865 | D:2      | Found a sacrificial altar of Ru.
  2252 | D:2      | Reached XP level 4. HP: 33/39 MP: 5/5
  2790 | D:2      | Reached skill level 1 in Armour
  2802 | D:2      | Noticed Terence
  2812 | D:2      | Killed Terence
  2812 | D:2      | Reached XP level 5. HP: 36/46 MP: 6/6
  2825 | D:2      | Reached skill level 4 in Stealth
  2905 | D:2      | Found a hazy altar of Hepliaklqana.
  3101 | D:3      | Found a transporter.
  3158 | D:3      | Found a transporter.
  3164 | D:3      | Gained mutation: You are resistant to hostile enchantments.
                  | (MR+) [potion of mutation]
  3164 | D:3      | Gained mutation: You are agile. (Dex +2) [potion of
                  | mutation]
  3196 | D:3      | Noticed Jessica
  3204 | D:3      | Killed Jessica
  3573 | D:3      | Noticed Grinder
  3631 | D:3      | Killed Grinder
  3631 | D:3      | Reached skill level 5 in Stealth
  3631 | D:3      | Reached XP level 6. HP: 56/56 MP: 7/7
  3945 | D:3      | Found a basalt altar of Yredelemnul.
  4039 | D:4      | Reached XP level 7. HP: 42/62 MP: 8/8
  4080 | D:4      | Found a shimmering altar of Xom.
  4082 | D:4      | Found a shimmering altar of Xom.
  4111 | D:4      | Found a shimmering altar of Xom.
  4137 | D:4      | Found a sand-covered staircase.
  4142 | Ossuary  | Entered an ossuary
  4299 | Ossuary  | Reached skill level 5 in Long Blades
  4299 | Ossuary  | Reached skill level 6 in Stealth
  4710 | D:4      | Found a staircase to the Ecumenical Temple.
  4758 | Temple   | Entered the Ecumenical Temple
  5063 | Temple   | Became a worshipper of Nemelex Xobeh the Trickster
  5184 | D:4      | Received a gift from Nemelex Xobeh
  5315 | D:4      | Found a shimmering altar of Xom.
  5315 | D:4      | Found a shimmering altar of Xom.
  5317 | D:4      | Found a shimmering altar of Xom.
  5431 | D:4      | Reached XP level 8. HP: 72/72 MP: 9/9
  5530 | D:5      | Entered Level 5 of the Dungeon
  5548 | D:5      | Noticed Ijyb
  5643 | D:5      | Killed Ijyb
  5714 | D:5      | Got an ancient leather armour
  5820 | D:5      | Identified the +1 leather armour of Eternal Night {*Slow
                  | rC++ Int+4} (You found it on level 5 of the Dungeon)
  5914 | D:5      | Reached skill level 7 in Stealth
  6086 | D:5      | Reached * piety under Nemelex Xobeh
  6475 | D:5      | Found a snail-covered altar of Cheibriados.
  6551 | D:6      | Found an iron altar of Okawaru.
  6552 | D:6      | Noticed Menkaure
  6700 | D:6      | Noticed Blork the orc
  6733 | D:6      | Killed Menkaure
  6815 | D:6      | Killed Blork the orc
  6815 | D:6      | Reached skill level 5 in Fighting
  6815 | D:6      | Reached skill level 8 in Stealth
  6986 | D:6      | Noticed Eustachio
  6997 | D:6      | Killed Eustachio
  6997 | D:6      | Reached skill level 1 in Invocations
  6997 | D:6      | Reached XP level 9. HP: 77/81 MP: 10/10
  7066 | D:6      | Got a slimy silver ring
  7067 | D:6      | Identified the ring "Rapais" {Fire rPois Str+3 Int+7
                  | Stlth-} (You found it on level 6 of the Dungeon)
  7180 | D:6      | Received a gift from Nemelex Xobeh
  7263 | D:6      | Noticed Prince Ribbit
  7265 | D:6      | Found Tisch's Book Shoppe.
  7275 | D:6      | Killed Prince Ribbit
  7724 | D:7      | Found a flagged portal.
  7799 | D:7      | Reached ** piety under Nemelex Xobeh
  7813 | Bailey   | Entered a bailey
  8146 | Bailey   | Noticed an orc knight
  8202 | Bailey   | Killed an orc knight
  8202 | Bailey   | Reached skill level 9 in Stealth
  8518 | D:7      | Found a shadowy altar of Dithmenos.
  8538 | D:7      | Received a gift from Nemelex Xobeh
  8977 | D:7      | Noticed Pikel
  9277 | D:7      | Found a burning altar of Makhleb.
  9279 | D:7      | Noticed a green death
  9302 | D:7      | Noticed Duvessa
  9305 | D:7      | Noticed Dowan
  9331 | D:7      | Killed Duvessa
  9331 | D:7      | Killed Dowan
  9331 | D:7      | Reached XP level 10. HP: 91/91 MP: 12/12
  9480 | D:7      | Killed Pikel
  9480 | D:7      | Reached skill level 5 in Armour
  9480 | D:7      | Reached skill level 10 in Stealth
  9859 | D:8      | Found a staircase to the Lair.
 10001 | D:8      | Reached skill level 5 in Dodging
 10153 | D:8      | Noticed Psyche
 10169 | D:8      | Killed Psyche
 10333 | D:8      | Reached skill level 5 in Invocations
 10692 | D:9      | Reached skill level 11 in Stealth
 10770 | D:9      | Reached XP level 11. HP: 74/100 MP: 15/15
 11059 | D:9      | Found a glowing golden altar of the Shining One.
 11078 | D:9      | Found a white marble altar of Elyvilon.
 11105 | D:9      | HP: 3/100 [troll (9)]
 11228 | Lair:1   | Entered Level 1 of the Lair of Beasts
 11303 | Lair:1   | Noticed Joseph
 11335 | Lair:1   | Killed Joseph
 11416 | Lair:1   | Received a gift from Nemelex Xobeh
 11429 | Lair:1   | Reached *** piety under Nemelex Xobeh
 11600 | Lair:1   | Identified a scroll of acquirement
 11603 | Lair:1   | Got a warped triple sword
 11604 | Lair:1   | Identified the +8 triple sword of Crystal {drain, rC+ rN++
                  | Str+3} (You acquired it on level 1 of the Lair of Beasts)
 11737 | Lair:1   | Noticed Harold
 11743 | Lair:1   | Noticed a four-headed hydra
 11783 | Lair:1   | Reached XP level 12. HP: 49/120 MP: 16/16
 11865 | Lair:1   | Killed Harold
 12251 | Lair:2   | Found a staircase to the Snake Pit.
 12301 | Lair:2   | Received a gift from Nemelex Xobeh
 12652 | Lair:2   | Found a staircase to the Shoals.
 12664 | Lair:2   | Reached skill level 12 in Stealth
 12730 | Lair:2   | Received a gift from Nemelex Xobeh
 13095 | Lair:2   | Noticed a four-headed hydra
 13305 | Lair:3   | Gained mutation: You can use your snake-like lower body to
                  | constrict enemies. [Naga growth]
 13305 | Lair:3   | Reached XP level 13. HP: 122/128 MP: 18/18
 14072 | Lair:3   | Reached **** piety under Nemelex Xobeh
 14475 | Lair:4   | Learned a level 3 spell: Confuse
 14498 | Lair:4   | Reached skill level 13 in Stealth
 14641 | Lair:4   | Reached skill level 1 in Hexes
 15872 | Lair:5   | Found a viscous altar of Jiyva.
 15872 | Lair:5   | Found a staircase to the Slime Pits.
 16242 | Lair:6   | Entered Level 6 of the Lair of Beasts
 16264 | Lair:5   | Slain by a blink frog

Vault maps used:
D:1:      eino_arrival_water_cross, tso_metal_star
D:2:      nicolae_ru_sacrificial_ziggurat, lemuel_coloured_pillars_altar,
          uniq_terence
D:3:      lemuel_zombie_altar_yredelemnul, first_ration,
          gammafunk_ghost_gnarly_gnolls, uniq_jessica, uniq_grinder
D:4:      xom_redecorated, minmay_temple_entry_tees, enter_ossuary_5
D:5:      kennysheep_slug_shrine, lightli_corner_chamber, uniq_ijyb
D:6:      okawaru_ov_weapons_minmay, serial_shops, shop, uniq_eustachio,
          uniq_blork_the_orc, uniq_prince_ribbit1, uniq_menkaure
D:7:      makhleb_altar_promises_db, enter_bailey_8,
          nicolae_dithmenos_through_a_glass_darkly, uniq_duvessa, uniq_pikel
D:8:      due_lair_maze_entry_diamond, grunt_livestock, uniq_psyche
D:9:      lemuel_doored_altar, overflow_temple_1_default, basic_altar
Temple:   minmay_temple_forest_path
Lair:1:   grunt_megastairs_5, lemuel_fruit_tree, uniq_joseph, uniq_harold
Lair:2:   minmay_shoals_entry_centaurs, guppyfry_snake_entry_island,
          beast_lair_carwin_7
Lair:5:   dpeg_slime_entry_enclosed_altar
Lair:6:   gammafunk_lair_ancient_temple, nicolae_volcano_entry_hallway,
          chequers_serial_rivers_small_a, nicolae_lair_yak_garden
Ossuary:  ossuary_tomb_2
Bailey:   bailey_axe_2, bailey

Skill      XL: |  1  2  3  4  5  6  7  8  9 10 11 12 13 |
---------------+----------------------------------------+-----
Stealth        | 2 3 5 6 8 9 11 12 13 | 13.4
Fighting       | 2 3 4 5 6 7 11 12 | 12.2
Long Blades    | 4 5 6 7 8 9 |  9.6
Armour         | 1 2 3 4 5 6 7 |  7.3
Dodging        | 2 3 4 5 6 |  6.7
Invocations    | 1 3 5 6 7 8 |  8.1
Hexes          | 2 |  2.2
Staves         | |  1.0
Evocations     | |  2.0

Action                   |  1- 3 |  4- 6 |  7- 9 | 10-12 | 13-15 || total
-------------------------+-------+-------+-------+-------+-------++-------
Melee: Falchion          |    98 |   155 |   521 |       |       ||   774
       Spear             |       |       |   129 |       |       ||   129
       Trident           |       |       |    93 |   326 |     3 ||   422
       Triple sword      |       |       |       |   123 |   118 ||   241
       Constrict         |       |       |       |       |    43 ||    43
Throw: Throwing net      |       |       |     2 |     2 |       ||     4
       Stone             |       |       |    13 |    23 |    21 ||    57
       Javelin           |       |       |       |     2 |       ||     2
 Abil: Spit Poison       |    21 |    29 |    32 |    26 |     8 ||   116
       Draw Summoning    |       |       |     5 |     5 |     2 ||    12
       Draw Destruction  |       |       |     4 |     2 |       ||     6
       Draw Escape       |       |       |     1 |     1 |       ||     2
Evoke: Wand              |       |       |     4 |     1 |       ||     5
  Use: Scroll            |     2 |     7 |     1 |    16 |     4 ||    30
       Potion            |       |     2 |     5 |    20 |     1 ||    28
 Stab: Sleeping          |     2 |     7 |    15 |     3 |     2 ||    29
       Distracted        |       |       |       |     1 |       ||     1
  Eat: Chunk             |     4 |    12 |    10 |    10 |     8 ||    44
       Ration            |       |       |     1 |     1 |       ||     2
Armor: Leather armour    |    13 |       |       |       |       ||    13
       Scale mail        |    18 |    41 |       |       |       ||    59
       Troll leather arm |       |    32 |   315 |   226 |    67 ||   640
Dodge: Dodged            |    42 |    79 |   455 |   435 |   125 ||  1136
       Rpst.: Falchion   |     9 |    20 |   100 |       |       ||   129
       Triple sword      |       |       |       |    32 |    33 ||    65

Table legend:
 A = Non-vault XP
 B = Vault XP
 C = Vault XP percentage of total XP
 D = Non-vault monster count
 E = Vault monster count
 F = Vault count percentage of total count
                 A         B        C        D         E       F
            +---------+---------+-------+---------+---------+-------
      Total |   23795 |    9673 |  28.9 |     294 |     119 |  28.8
            +---------+---------+-------+---------+---------+-------
        D:1 |      58 |       0 |   0.0 |      23 |       0 |   0.0
        D:2 |     134 |      36 |  21.2 |      24 |       1 |   4.0
        D:3 |      49 |     308 |  86.3 |      20 |       5 |  20.0
        D:4 |     269 |       0 |   0.0 |      20 |       0 |   0.0
        D:5 |     516 |      40 |   7.2 |      30 |       2 |   6.2
        D:6 |     843 |     725 |  46.2 |      24 |       4 |  14.3
        D:7 |    1058 |    1963 |  65.0 |      17 |      10 |  37.0
        D:8 |     399 |    1643 |  80.5 |      10 |       9 |  47.4
        D:9 |    1957 |       0 |   0.0 |      30 |       0 |   0.0
     Lair:1 |    1752 |    1812 |  50.8 |      10 |       4 |  28.6
     Lair:2 |    2494 |    1931 |  43.6 |      13 |      15 |  53.6
     Lair:3 |    4988 |       0 |   0.0 |      32 |       0 |   0.0
     Lair:4 |    6565 |       0 |   0.0 |      30 |       0 |   0.0
     Lair:5 |    2713 |     292 |   9.7 |      11 |       1 |   8.3
    Ossuary |       0 |     349 | 100.0 |       0 |      34 | 100.0
     Bailey |       0 |     574 | 100.0 |       0 |      34 | 100.0
            +---------+---------+-------+---------+---------+-------
